 Dungeon Crawl Stone Soup version 0.24.0-123-gd5b16e6ec5 (webtiles) character file.

Game seed: 1950485079356475549, levelgen mode: deterministic

1346 Descartes the Sneak (level 8, -8/36 HPs)
             Began as a Spriggan Wizard on Dec 26, 2019.
             Was an Initiate of Gozag.
             Killed from afar by an electric eel (9 damage)
             ... with a bolt of electricity
             ... on level 6 of the Dungeon.
             The game lasted 00:43:56 (13541 turns).

Descartes the Sneak (Spriggan Wizard)              Turns: 13541, Time: 00:43:57

Health: -8/36      AC:  2    Str:  3    XL:     8   Next: 36%
Magic:  18/18      EV: 21    Int: 22    God:    Gozag
Gold:   315        SH:  0    Dex: 14    Spells: 10/19 levels left

rFire    . . .     SeeInvis +   m - +0 long sword
rCold    . . .     Gourm    .   (shield restricted)
rNeg     . . .     Faith    .   a - +0 robe
rPois    .         Spirit   .   b - +0 hat
rElec    .         Reflect  .   (no cloak)
rCorr    .         Harm     .   (gloves unavailable)
MR       +....                  (boots unavailable)
Stlth    ++........             (no amulet)
HPRegen  0.12/turn              s - ring of attention
MPRegen  0.16/turn              (no ring)

@: very quick
A: very small, unfitting armour, see invisible, herbivore, speed 3, slow
metabolism 2
a: Potion Petition, Call Merchant, Bribe Branch, Renounce Religion


You were on level 6 of the Dungeon.
You worshipped Gozag.
Gozag was aware of your devotion.
You were near starving.

You visited 1 branch of the dungeon, and saw 6 of its levels.

You collected 385 gold pieces.
You paid 70 gold pieces to Gozag.

Inventory:

Hand Weapons
 m - a +0 long sword (weapon)
 B - a +0 long sword
Missiles
 c - 224 stones
 e - 130 arrows
 r - 14 boomerangs
 v - 7 poisoned darts
 x - 9 bolts
 A - 20 sling bullets
 C - 4 silver boomerangs (quivered)
Armour
 a - a +0 robe (worn)
 b - a +0 hat (worn)
 p - a +0 buckler
Jewellery
 s - a ring of attention (left hand)
Scrolls
 f - 2 scrolls of fog
 g - 5 scrolls of remove curse
 i - a scroll of teleportation
 j - a scroll of immolation
 k - a scroll of blinking
 t - 4 scrolls of identify
 w - 2 scrolls of magic mapping {unknown}
 y - a scroll of enchant armour {unknown}
 D - a scroll of noise {unknown}
Potions
 h - 2 potions of brilliance {unknown}
 l - 2 potions of lignification
 n - 3 potions of heal wounds
 o - a potion of flight
 q - a potion of haste
 u - 3 potions of curing {unknown}
 z - a potion of mutation {unknown}
Comestibles
 d - 14 rations


   Skills:
 + Level 6.5 Dodging
 + Level 7.0 Stealth
 * Level 3.2 Shields
 + Level 6.2 Spellcasting
 + Level 2.9 Conjurations
   Level 0.7 Summonings
 + Level 5.1 Translocations
 + Level 1.7 Fire Magic


You had 10 spell levels left.
You knew the following spells:

 Your Spells              Type           Power        Failure   Level  Hunger
a - Magic Dart            Conj           ###.         2%          1    None
b - Blink                 Tloc           N/A          1%          2    None
c - Conjure Flame         Conj/Fire      ###.....     11%         3    #......
d - Mephitic Cloud        Conj/Pois/Air  ##......     19%         3    #......

Your spell library contained the following spells:

 Spells                   Type           Power        Failure   Level  Hunger
 Call Imp                 Summ           ##......     10%         2    None
 Slow                     Hex            #.......     14%         2    None


Dungeon Overview and Level Annotations

Branches:
Dungeon (6/15)
 Temple: D:4-7

Altars:
Dithmenos
Elyvilon
Fedhas
Gozag
Makhleb
Nemelex Xobeh
Qazlal
Yredelemnul


Innate Abilities, Weirdness & Mutations

You are very small and have problems with some larger weapons.
You are too small for most types of armour.
You have supernaturally acute eyesight. (SInv)
You are a herbivore.
You cover ground extremely quickly.
You need to consume almost no food.


Message History

a +0 hand axe; a cursed -2 chain mail
Things that are here:
a +0 dagger; a +0 robe You see here a +0 large shield.
The electric eel is too close now for your liking.
You enter the shallow water.
Moving in this stuff is going to be slow.
The electric eel shoots out a bolt of lightning at you!
The bolt of electricity hits you!
An iguana comes into view.
The electric eel shoots out a bolt of lightning at you!
The bolt of electricity hits you!
The iguana hisses angrily.
The electric eel shoots out a bolt of lightning at you!
The bolt of electricity hits the plant! x2; The bolt of electricity hits you!
* * * LOW HITPOINT WARNING * * *
The electric eel shoots out a bolt of lightning at you!
The bolt of electricity hits you!
You die...
Your body crumbles into a pile of gold.

#.............#
#.
#)##########..#
#. #.# ♣≈.# #.
#.# ♣≈≈###. #.#
≈≈≈≈≈... #.#
≈≈≈P≈≈## #)#
♣♣≈ ≈≈≈≈≈≈≈ #[#
♣♣≈PP ≈≈;≈≈≈≈♣
##@#♣P≈≈≈P
≈≈≈≈≈
#..≈≈≈≈;≈P ≈;≈≈
#..≈PP≈P≈≈ ≈≈≈≈
#......l..
#..♣≈≈≈≈≈≈
##≈≈≈≈≈≈≈≈
#♣≈≈≈≈≈≈≈
≈≈≈P≈P♣ ≈≈P≈P≈♣


You could see an iguana and an electric eel.

Vanquished Creatures
  An ice beast (D:6)
  An ogre (D:4)
  An orc warrior (D:5)
  A sky beast (D:5)
  A bullfrog (D:6)
  A water moccasin zombie (D:6)
  3 howler monkeys (D:4)
  A bullfrog zombie (D:6)
  A bullfrog skeleton (D:5)
  A hound (D:4)
  An orc priest (D:5)
  6 orc wizards
  6 worker ants
  A hound zombie (D:5)
  A hound skeleton (D:5)
  4 gnolls (D:3)
  A howler monkey skeleton (D:6)
  10 adders
  3 oozes
  An adder zombie (D:5)
  6 worms
  2 dart slugs
  5 leopard geckos
  16 orcs
  3 ball pythons
  8 bats
  6 giant cockroaches
  11 hobgoblins
  13 jackals
  7 kobolds
  2 quokkas
  3 frilled lizards
  11 goblins
  A jackal zombie (D:5)
  A quokka skeleton (D:5)
  7 rats
148 creatures vanquished.

Vanquished Creatures (others)
  2 plants (D:3)
2 creatures vanquished.

Grand Total: 150 creatures vanquished

Notes
Turn   | Place    | Note
-------+----------+-------------------------------------------
     0 | D:1      | Descartes the Spriggan Wizard began the quest for the Orb.
     0 | D:1      | Reached XP level 1. HP: 9/9 MP: 6/6
   126 | D:1      | Reached XP level 2. HP: 13/13 MP: 0/8
   222 | D:1      | Reached skill level 1 in Conjurations
   776 | D:1      | Reached XP level 3. HP: 16/16 MP: 4/9
  1774 | D:2      | Reached skill level 4 in Stealth
  2089 | D:2      | Learned a level 2 spell: Blink
  2093 | D:2      | Learned a level 3 spell: Conjure Flame
  2097 | D:2      | Learned a level 3 spell: Mephitic Cloud
  2335 | D:1      | Reached XP level 4. HP: 15/21 MP: 4/11
  3100 | D:2      | You fall into a shaft and drop 2 floors!
  3574 | D:4      | Reached skill level 5 in Spellcasting
  3574 | D:4      | Reached XP level 5. HP: 24/24 MP: 2/13
  4067 | D:2      | Found a white marble altar of Elyvilon.
  4067 | D:2      | Found a shadowy altar of Dithmenos.
  4603 | D:3      | Reached skill level 5 in Stealth
  4984 | D:3      | Reached skill level 5 in Dodging
  5726 | D:3      | Reached skill level 1 in Shields
  5726 | D:3      | Reached XP level 6. HP: 28/28 MP: 11/14
  8312 | D:5      | Entered Level 5 of the Dungeon
  8333 | D:4      | Reached XP level 7. HP: 19/32 MP: 3/16
  8569 | D:5      | Found a sparkling altar of Nemelex Xobeh.
  9318 | D:5      | Reached skill level 6 in Stealth
  9586 | D:5      | Found a burning altar of Makhleb.
  9749 | D:5      | Identified the cursed +1 chain mail of Vanity {+Fly rN+
                  | Slay+3}
  9872 | D:5      | Reached skill level 1 in Fire Magic
 10462 | D:5      | Found an opulent altar of Gozag.
 10561 | D:5      | Became a worshipper of Gozag Ym Sagoz the Greedy
 10815 | D:6      | Found a stormy altar of Qazlal.
 10846 | D:6      | Found a basalt altar of Yredelemnul.
 11551 | D:5      | HP: 1/32 [orc warrior/+3 hand axe of flaming (2)]
 11913 | D:6      | Reached XP level 8. HP: 29/36 MP: 4/18
 13076 | D:6      | Reached skill level 5 in Translocations
 13364 | D:6      | Found a blossoming altar of Fedhas.
 13450 | D:6      | Reached skill level 7 in Stealth
 13538 | D:6      | HP: 1/36 [electric eel/bolt of electricity (11)]
 13541 | D:6      | Killed from afar by an electric eel

Levels and vault maps discovered:
D:1:      lightli_arrival_chessboard, layout_rooms
D:2:      layout_basic, nicolae_overflow_hidden_temple, minmay_misc_feat_chi,
          kennysheep_generic_room_7
D:3:      wad_river_or_something, layout_rooms, chequers_big_river,
          saegor_snake_ambush
D:4:      layout_basic, first_ration
D:5:      layout_basic, nemelex_xobeh_ov_fountains_minmay,
          kennysheep_little_box, lemuel_coloured_pillars_altar
D:6:      layout_loops_ring, nicolae_qazlal_eye_of_the_storm,
          lemuel_doored_altar, trog_ov_bears_minmay, marbit_many_paths,
          minmay_temple_entry_sparse_star, basic_altar, serial_shops, shop,
          serial_bayou_lagoon_a, serial_bayou_lagoon_b

Skill      XL: |  1  2  3  4  5  6  7  8 |
---------------+-------------------------+-----
Conjurations   | 1 2 |  2.9
Stealth        | 4 5 6 7 |  7.0
Dodging        | 4 5 6 |  6.5
Translocations | 2 3 4 5 |  5.1
Spellcasting   | 5 6 |  6.2
Shields        | 1 2 3 |  3.2
Fire Magic     | 1 |  1.7
Summonings     | |  0.7

Action                   |  1- 3 |  4- 6 |  7- 9 || total
-------------------------+-------+-------+-------++-------
Melee: Unarmed           |     2 |       |       ||     2
       Long sword        |       |     9 |    17 ||    26
Throw: Stone             |       |       |     8 ||     8
       Boomerang         |       |       |     4 ||     4
 Cast: Magic Dart        |   140 |   330 |   298 ||   768
       Conjure Flame     |       |     3 |    14 ||    17
       Mephitic Cloud    |       |     1 |     1 ||     2
  Use: Scroll            |       |     9 |       ||     9
 Stab: Sleeping          |       |       |     1 ||     1
  Eat: Ration            |       |     2 |     2 ||     4
Armor: Robe              |     5 |     2 |     6 ||    13
Dodge: Dodged            |    46 |   111 |    77 ||   234
       Rpst.: Long sword |     2 |    27 |    27 ||    56
